 Dungeon Crawl Stone Soup version 0.24.1 (webtiles) character file.

Game seed: 4486367807636477338, levelgen mode: deterministic

5418 funkygono the Geomancer (level 10, -3/53 HPs)
             Began as a Gargoyle Earth Elementalist on Mar 23, 2020.
             Was a Priest of Vehumet.
             Slain by a death yak (17 damage)
             ... on level 8 of the Dungeon.
             The game lasted 00:32:04 (9165 turns).

funkygono the Geomancer (GrEE)                      Turns: 9165, Time: 00:32:05

Health: -3/53      AC: 19    Str: 13    XL:     10   Next: 67%
Magic:  0/23       EV: 12    Int: 18    God:    Vehumet [***...]
Gold:   487        SH:  0    Dex: 10    Spells: 17/27 levels left

rFire    . . .     SeeInvis .   C - +5 quarterstaff (speed)
rCold    . . .     Gourm    .   (shield currently unavailable)
rNeg     + + .     Faith    .   g - +2 leather armour {rN+}
rPois    ∞         Spirit   +   k - +1 helmet
rElec    +         Reflect  .   (no cloak)
rCorr    .         Harm     .   s - +0 pair of gloves
MR       .....                  l - +2 pair of boots
Stlth    ++........             F - amulet of guardian spirit
HPRegen  0.17/turn              (no ring)
MPRegen  0.18/turn              (no ring)

@: no status effects
A: negative energy resistance 1, electricity resistance, unbreathing,
petrification resistance, rot immunity, AC +7
a: Renounce Religion


You were on level 8 of the Dungeon.
You worshipped Vehumet.
Vehumet was most pleased with you.
You were not hungry.

You visited 2 branches of the dungeon, and saw 10 of its levels.

You collected 539 gold pieces.
You spent 52 gold pieces at shops.

Inventory:

Hand Weapons
 a - a +2 mace
 e - a +3 quarterstaff of flaming
 w - a +2 great mace of holy wrath
 B - the cursed +0 hand axe "Annoedd" {chop, rF+ rN+ Int-5 Dex+3, unknown}
   (You found it on level 8 of the Dungeon)

   It inflicts extra damage upon your enemies.
   It affects your intelligence (-5).
   It affects your dexterity (+3).
   It protects you from fire.
   It protects you from negative energy.
   It has a curse placed upon it.
 C - a +5 quarterstaff of speed (weapon)
Missiles
 b - 37 stones (quivered)
Armour
 g - a +2 leather armour of positive energy (worn)
 k - a +1 helmet (worn)
 l - a +2 pair of boots (worn)
 s - a +0 pair of gloves (worn)
 y - a +0 ring mail of positive energy
 D - a +2 cloak of poison resistance
Jewellery
 F - an amulet of guardian spirit (around neck)
Wands
 h - a wand of disintegration (12)
 q - a wand of scattershot (12)
 u - a wand of digging (8)
 z - a wand of iceblast (5)
 H - a wand of clouds (5)
Scrolls
 n - 5 scrolls of remove curse
 o - a scroll of magic mapping
 p - 4 scrolls of amnesia
 x - a scroll of fear
 E - 2 scrolls of identify
Potions
 c - a potion of brilliance
 f - a potion of lignification
 i - 3 potions of haste
 j - a potion of mutation
 m - a potion of heal wounds
 r - 5 potions of curing
 t - 2 potions of degeneration {unknown}
 v - a potion of resistance {unknown}
 A - a potion of might {unknown}
Comestibles
 d - 13 rations


   Skills:
 + Level 2.0 Fighting
 + Level 1.4(2.7) Maces & Flails
 + Level 3.6(3.8) Staves
 + Level 3.9 Armour
 + Level 3.0 Dodging
 + Level 4.0 Stealth
 + Level 9.1 Spellcasting
 + Level 5.3 Conjurations
   Level 0.7 Transmutations
 + Level 10.4 Earth Magic


You had 17 spell levels left.
You knew the following spells:

 Your Spells              Type           Power        Failure   Level  Hunger
a - Sandblast             Erth           #####.       1%          1    None
b - Stone Arrow           Conj/Erth      #####.       1%          3    None
c - Lee's Rapid Deconstr  Erth           #####.....   1%          5    #####..
d - Magic Dart            Conj           ####         1%          1    None

Your spell library contained the following spells:

 Spells                   Type           Power        Failure   Level  Hunger
 Inner Flame              Hex/Fire       #.......     9%          3    None
 Passwall                 Tmut/Erth      ####....     1%          2    None
 Petrify                  Tmut/Erth      ####....     11%         4    ###....


Dungeon Overview and Level Annotations

Branches:
Dungeon (9/15)             Temple (1/1) D:4
   Lair: D:8-11         Orc: D:9-12

Altars:
Ashenzari
Cheibriados
Dithmenos
Elyvilon
Fedhas
Gozag
Hepliaklqana
Kikubaaqudgha
Makhleb
Nemelex Xobeh
Okawaru
Qazlal
Ru
Sif Muna
Trog
Uskayaw
Vehumet
Wu Jian
Xom
Yredelemnul
Zin
The Shining One

Shops:
D:6 ?   D:7 [


Innate Abilities, Weirdness & Mutations

You are resistant to torment.
Your stone body is resilient. (AC +7)
You are immune to poison.
You resist negative energy. (rN+)
You are resistant to electric shocks. (rElec)
You can survive without breathing.
You are immune to petrification.
You are immune to rotting.


Message History

Confirm with . or Enter, or press ? or * to list all spells.
You don't know that spell.
Unknown command.
Casting: Stone Arrow (safe; 1% risk of failure)
Confirm with . or Enter, or press ? or * to list all spells.
Aiming: Stone Arrow (safe; 1% risk of failure)
Press: ? - help, Shift-Dir - straight line, f - death yak
Aim: a death yak (lightly wounded)
The stone arrow hits the death yak!
The death yak is lightly wounded.
The death yak gores you.
Casting: Stone Arrow (safe; 1% risk of failure)
Confirm with . or Enter, or press ? or * to list all spells.
Aiming: Stone Arrow (safe; 1% risk of failure)
Press: ? - help, Shift-Dir - straight line, f/p - death yak
Aim: a death yak (lightly wounded)
The stone arrow hits the death yak!
The death yak is moderately wounded.
The death yak gores you!!
You die...

###### .....#
.###.#############
.###.#...........#
...#....########.#
.#.#.#.#.## #Y#
.#...#.##.# #@#
...>...##.# ##.##
###.#####.# ##...##
##.###.#####..#..#
##...##.....###.#
#.....#.#....#..#
####.....#.#..#....#
..^......#.#....##.#
####.....#.#.##.##.#


You could see a death yak.

Vanquished Creatures
  Harold (D:9)
  Pikel (D:7)
  Joseph (D:8)
  Maurice (D:8)
  2 hippogriffs (D:7)
  2 phantoms
  2 slaves (D:7)
  3 orc warriors
  2 black bears
  3 sky beasts
  3 ogres
  A necrophage (D:9)
  8 bullfrogs
  3 scorpions
  6 killer bees (D:8)
  6 howler monkeys
  2 crimson imps
  A bullfrog zombie (D:9)
  A bullfrog skeleton (D:5)
  2 jellies (D:8)
  5 orc priests
  6 orc wizards
  Jessica (D:2)
  An iguana (D:7)
  4 worker ants
  3 gnolls (D:2)
  15 adders
  2 shadow imps (D:8)
  An ooze (D:4)
  An adder skeleton (D:7)
  2 adder zombies
  3 worms
  2 dart slugs (D:1)
  5 leopard geckos
  23 orcs
  4 bats
  6 giant cockroaches
  7 hobgoblins
  13 jackals
  3 quokkas
  A ball python (D:2)
  4 frilled lizards
  7 goblins
  8 kobolds
  A leopard gecko zombie (D:8)
  4 rats
183 creatures vanquished.

Vanquished Creatures (others)
  A crocodile (D:7)
  An orc wizard (D:8)
  A leopard gecko zombie (D:8)
3 creatures vanquished.

Grand Total: 186 creatures vanquished

Notes
Turn   | Place    | Note
-------+----------+-------------------------------------------
     0 | D:1      | funkygono the Gargoyle Earth Elementalist began the quest
                  | for the Orb.
     0 | D:1      | Reached XP level 1. HP: 10/10 MP: 3/3
   282 | D:1      | Reached skill level 4 in Earth Magic
   282 | D:1      | Reached XP level 2. HP: 15/15 MP: 3/5
   809 | D:1      | Reached XP level 3. HP: 19/19 MP: 4/6
   860 | D:1      | You fall into a shaft and drop 1 floor!
  1049 | D:1      | Learned a level 3 spell: Stone Arrow
  1254 | D:2      | Reached XP level 4. HP: 24/24 MP: 4/8
  1413 | D:2      | Noticed Jessica
  1420 | D:2      | Killed Jessica
  1420 | D:2      | Reached skill level 5 in Earth Magic
  1520 | D:2      | Reached skill level 1 in Armour
  1653 | D:2      | Reached XP level 5. HP: 28/28 MP: 7/9
  1660 | D:2      | Learned a level 5 spell: Lee's Rapid Deconstruction
  2528 | D:3      | Found a burning altar of Makhleb.
  2539 | D:3      | Reached skill level 1 in Conjurations
  2783 | D:3      | Reached XP level 6. HP: 32/32 MP: 9/11
  2950 | D:4      | Found a shimmering altar of Xom.
  2964 | D:4      | Found a shimmering altar of Xom.
  3020 | D:4      | Found a shadowy altar of Dithmenos.
  3034 | D:4      | Found a staircase to the Ecumenical Temple.
  3046 | Temple   | Entered the Ecumenical Temple
  3210 | Temple   | Became a worshipper of Vehumet
  3271 | D:4      | Reached skill level 1 in Maces & Flails
  3271 | D:4      | Reached XP level 7. HP: 26/36 MP: 2/12
  3523 | D:4      | Reached skill level 6 in Earth Magic
  3529 | D:4      | Found a shimmering altar of Xom.
  3885 | D:5      | Entered Level 5 of the Dungeon
  4472 | D:5      | Found a stormy altar of Qazlal.
  4732 | D:5      | Found a basalt altar of Yredelemnul.
  4831 | D:5      | Reached XP level 8. HP: 41/41 MP: 11/15
  4919 | D:5      | Reached skill level 5 in Spellcasting
  4939 | D:5      | Reached * piety under Vehumet
  4939 | D:5      | Offered knowledge of Magic Dart by Vehumet.
  4942 | D:5      | Learned a level 1 spell: Magic Dart
  5140 | D:6      | Reached skill level 7 in Earth Magic
  5639 | D:6      | Found Wuer's Magic Scroll Shoppe.
  5641 | D:6      | Bought a scroll of identify for 26 gold pieces
  5641 | D:6      | Bought a scroll of identify for 26 gold pieces
  5896 | D:6      | Found a hide-covered altar of Uskayaw.
  6083 | D:7      | Found Okho's Armour Shoppe.
  6118 | D:7      | Reached skill level 8 in Earth Magic
  6145 | D:7      | Reached skill level 1 in Staves
  6336 | D:7      | Reached XP level 9. HP: 45/45 MP: 11/18
  6666 | D:7      | Noticed Pikel
  6676 | D:7      | Killed Pikel
  6676 | D:7      | Offered knowledge of Shock by Vehumet.
  6676 | D:7      | Reached skill level 9 in Earth Magic
  7224 | D:8      | Reached ** piety under Vehumet
  7255 | D:8      | Got an ichor-stained hand axe
  7426 | D:8      | Noticed Joseph
  7452 | D:8      | Noticed Maurice
  7457 | D:8      | Killed Joseph
  7457 | D:8      | Reached skill level 1 in Fighting
  7457 | D:8      | Reached XP level 10. HP: 15/52 MP: 9/22
  7469 | D:8      | Killed Maurice
  8247 | D:8      | Offered knowledge of Inner Flame by Vehumet.
  8276 | D:8      | Reached skill level 5 in Conjurations
  8279 | D:8      | Reached skill level 10 in Earth Magic
  8674 | D:9      | Reached *** piety under Vehumet
  8765 | D:9      | Noticed Harold
  8804 | D:9      | Killed Harold
  8984 | D:9      | Found a shimmering blue altar of Sif Muna.
  9036 | D:9      | Noticed a death yak
  9047 | D:9      | Noticed a death yak
  9050 | D:9      | Noticed a death yak
  9165 | D:8      | Slain by a death yak

Levels and vault maps discovered:
D:1:      minmay_arrival_four_circles, layout_loops_corners
D:2:      layout_loops_ring, chequers_serial_rivers_micro_e, minivault_26,
          minmay_misc_feat_five, uniq_jessica
D:3:      layout_basic, makhleb_grotto_becter, first_ration, feat_on_display
D:4:      layout_basic, xom_redecorated, minmay_temple_entry_tees,
          grunt_dithmenos_smoke
D:5:      corexii_shack_village, layout_loops_corners, lemuel_doored_altar,
          lemuel_crystal_altar, hex_medium
D:6:      layout_loops_cross, marbit_many_paths, serial_shops, shop
D:7:      layout_loops_ring, serial_glass, glass_columns_b, glass_columns_a,
          serial_shops, nicolae_shop_crystal, uniq_pikel
D:8:      layout_loops_cross, uniq_maurice, uniq_joseph
D:9:      layout_roguey, tgw_sif, dpeg_lair_monsters, serial_shops, shop,
          kennysheep_small_spiral, uniq_harold
Temple:   regret_index_temple_sphere_string

Skill      XL: |  1  2  3  4  5  6  7  8  9 10 |
---------------+-------------------------------+-----
Earth Magic    | 4 5 6 8 9 10 | 10.4
Armour         | 1 2 3 |  3.9
Spellcasting   | 3 4 6 8 9 |  9.1
Conjurations   | 1 2 4 5 |  5.3
Dodging        | 2 3 |  3.0
Maces & Flails | 1 |  1.4
Stealth        | 3 4 |  4.0
Staves         | 1 2 3 |  3.6
Fighting       | 1 2 |  2.0
Transmutations | |  0.7

Action                   |  1- 3 |  4- 6 |  7- 9 | 10-12 || total
-------------------------+-------+-------+-------+-------++-------
Melee: Mace              |    11 |    24 |       |       ||    35
       Quarterstaff      |       |     1 |    76 |    67 ||   144
 Cast: Sandblast         |    30 |    69 |   131 |    13 ||   243
       Stone Arrow       |       |     1 |    26 |    37 ||    64
       Magic Dart        |       |       |    74 |    42 ||   116
       Lee's Rapid Decon |       |       |       |     3 ||     3
  Use: Scroll            |     9 |     6 |    10 |     2 ||    27
       Potion            |       |       |       |     3 ||     3
 Stab: Sleeping          |       |       |     2 |       ||     2
  Eat: Chunk             |     1 |     3 |    10 |     3 ||    17
       Ration            |       |     1 |     1 |     1 ||     3
Armor: Robe              |     2 |     7 |       |       ||     9
       Leather armour    |       |     4 |    79 |    38 ||   121
Dodge: Dodged            |    14 |    31 |    53 |    66 ||   164
